 Dungeon Crawl Stone Soup version 0.26-a0-812-g31a745ddcd (webtiles) character file.

Game seed: 7230031496145260674

8 Azzok the Chopper (level 2, 23/24 HPs)
             Began as a Demonspawn Berserker on Nov 17, 2020.
             Was a Follower of Trog.
             Quit the game on level 1 of the Dungeon.
             The game lasted 00:00:47 (142 turns).

Azzok the Chopper (Demonspawn Berserker)             Turns: 142, Time: 00:00:47

Health: 23/24      AC:  8    Str: 17    XL:     2   Next: 0%
Magic:  2/2        EV:  7    Int:  8    God:    Trog [*.....]
Gold:   11         SH:  0    Dex: 12    Spells: 1/1 levels left

rFire    . . .     SeeInvis .   a - +0 hand axe
rCold    . . .     Faith    .   (no shield)
rNeg     . . .     Spirit   .   d - +0 chain mail
rPois    .         Reflect  .   (helmet restricted)
rElec    .         Harm     .   (no cloak)
rCorr    .         Rampage  .   (no gloves)
MR       .....                  (no boots)
Stlth    ..........             (no amulet)
HPRegen  0.08/turn              (no ring)
MPRegen  0.08/turn              (no ring)

@: no status effects
A: antennae 1
a: Berserk, Renounce Religion


You were on level 1 of the Dungeon.
You worshipped Trog.
Trog was aware of your devotion.
You visited 1 branch of the dungeon, and saw 1 of its levels.

You collected 11 gold pieces.

Inventory:

Hand Weapons
 a - a +0 hand axe (weapon)
Armour
 b - a +0 animal skin
 d - a +0 chain mail (worn)
Scrolls
 c - 2 scrolls of identify {unknown}


   Skills:
 - Level 3.0 Fighting
 + Level 3.2 Axes
 - Level 1.7 Armour
 - Level 1.7 Dodging


You had one spell level left.
You didn't know any spells.
Your spell library was empty.

Dungeon Overview and Level Annotations

Branches:
Dungeon (1/15)

Altars:


Innate Abilities, Weirdness & Mutations

You have a pair of small antennae on your head.


Message History

The kobold hits you but does no damage.
Things that are here:
a +0 dagger; a goblin corpse You hit the kobold but do no damage.
The kobold barely misses you. The kobold hits you but does no damage.
You hit the kobold.
The kobold is severely wounded.
A bat comes into view.
The kobold hits you but does no damage.
The bat moves out of view.
You miss the kobold.
The kobold is severely wounded.
The kobold hits you with a +0 short sword.
You hit the kobold.
You kill the kobold!
Trog accepts your kill.
You have reached level 2!
You feel monstrous as your demonic heritage exerts itself.
Your demonic ancestry asserts itself...
A pair of antennae grows on your head!
Are you sure you want to abandon this character and quit the game? (Confirm with "yes".)

·▒··········▒
············▒▒▒
···············
················
▒········b·······
·················
·········)·······
·········@·······▒▒▒
··········▒▒▒▒·····
··········▒ ▒▒···▒▒
···········▒▒▒▒··▒··▒▒▒▒
▒·······▒···▒···········▒
▒▒▒·······▒···▒···········▒
▒▒·············▒·⌠···<···⌠·▒
▒·············▒▒···········▒
▒·············▒▒···········▒


You could see a bat.

Vanquished Creatures
  2 goblins (D:1)
  A bat (D:1)
  3 frilled lizards (D:1)
  3 kobolds (D:1)
9 creatures vanquished.

Notes
Turn   | Place    | Note
-------+----------+-------------------------------------------
     0 | D:1      | Azzok the Demonspawn Berserker began the quest for the Orb.
     0 | D:1      | Reached XP level 1. HP: 18/18 MP: 1/1
   141 | D:1      | Gained mutation: You have a pair of small antennae on your
                  | head. [demonic ancestry]
   141 | D:1      | Reached XP level 2. HP: 23/24 MP: 2/2
   142 | D:1      | Quit the game

Illustrated notes

Levels and vault maps discovered:
D:1:      dpeg_arrival_arbitrary_c, layout_basic

Skill      XL: |  1 |
---------------+----+-----
Axes           | 3 |  3.2
Fighting       | |  3.0
Armour         | |  1.7
Dodging        | |  1.7

Action                   || total
-------------------------++-------
Melee: Hand axe          ||    23
Armor: Chain mail        ||    20
Dodge: Dodged            ||    14

Table legend: (Time is in decaauts)
 A = Elapsed time spent in this place.
 B = Non-inter-level travel time spent in this place.
 C = Inter-level travel time spent in this place.
 D = Time resting spent in this place.
 E = Time spent auto-exploring this place.
 F = Levels seen in this place.
 G = Mean time per level.
                   A        B        C        D        E       F      G
               +--------+--------+--------+--------+--------+-----+--------+
         Total |    145 |    145 |      0 |      0 |     76 |   1 |  145.0 |
       Dungeon |    145 |    145 |      0 |      0 |     76 |   1 |  145.0 |
               +--------+--------+--------+--------+--------+-----+--------+

Top non-repeatable levels by time:
     D:1: 145 daAuts
